 Dungeon Crawl Stone Soup version 0.21.0-24-g2553a33 (webtiles) character file.

141 Monsterracer the Cudgeler (level 5, 0/39 HPs)
             Began as a Mummy Skald on Jan 20, 2018.
             Slain by an orc wizard
             ... wielding a +0 dagger
              (2 damage)
             ... on level 3 of the Dungeon.
             The game lasted 00:03:19 (2902 turns).

Monsterracer the Cudgeler (Mummy Skald)             Turns: 2902, Time: 00:03:20

Health: 0/39       AC:  3    Str: 15    XL:     5   Next: 3%
Magic:  7/9        EV: 12    Int: 12    God:
Gold:   102        SH:  0    Dex: 15    Spells: 3/9 levels left

rFire    . . .     SeeInvis .   a - +0 mace
rCold    + . .     Gourm    .   (no shield)
rNeg     + + +     Faith    .   g - +0 leather armour {rF+}
rPois    ∞         Spirit   .   (no helmet)
rElec    .         Reflect  .   (no cloak)
rCorr    .         Harm     .   (no gloves)
MR       .....                  (no boots)
Stlth    +.........             (no amulet)
HPRegen  0.13/turn              c - +3 ring of dexterity
MPRegen  0.11/turn              b - ring of flight

@: no status effects
A: no food or potions, fire vulnerability, cold resistance 1, negative energy
resistance 3, torment resistance, unbreathing
a: Evoke Flight


You were on level 3 of the Dungeon.
You were not hungry.

You visited 1 branch of the dungeon, and saw 3 of its levels.

You collected 102 gold pieces.

Inventory:

Hand Weapons
 a - a +0 mace (weapon)
Armour
 g - a +0 leather armour of fire resistance (worn)
 j - a +0 shield
Jewellery
 b - a ring of flight (right hand)
 c - a +3 ring of dexterity (left hand)
Scrolls
 d - 2 scrolls of teleportation
 e - a scroll of identify
 f - a scroll of magic mapping {!r}
 h - a scroll of enchant weapon
Books
 i - a book of Minor Magic

   Spells                             Type                      Level
   a - Magic Dart                     Conjuration                  1
   b - Blink                          Translocation                2
   c - Call Imp                       Summoning                    2
   d - Slow                           Hexes                        2
   e - Conjure Flame                  Conjuration/Fire             3
   f - Mephitic Cloud                 Conjuration/Poison/Air       3


   Skills:
 + Level 2.5 Fighting
 * Level 3.6 Maces & Flails
 - Level 0.7 Armour
 + Level 2.0 Dodging
 - Level 2.6 Spellcasting
 + Level 2.8 Charms


You had 3 spell levels left.
You knew the following spells:

 Your Spells              Type           Power        Failure   Level  Hunger
a - Infusion              Chrm           #...         10%         1    N/A
d - Spectral Weapon       Hex/Chrm       #.......     45%         3    N/A
h - Song of Slaying       Chrm           #.......     16%         2    N/A

Dungeon Overview and Level Annotations

Branches:
Dungeon (3/15)

Altars:
Qazlal
Vehumet
Zin

Annotations:
D:3 bmj180's ghost, novice HuFi


Innate Abilities, Weirdness & Mutations

You do not eat or drink.
Your flesh is vulnerable to fire.
You are immune to poison.
Your flesh is cold resistant. (rC+)
You are immune to negative energy. (rN+++)
You are immune to unholy pain and torment.
You can survive without breathing.


Message History

You are no longer magically infusing your attacks.
There is a stone staircase leading down here.
You regained 2 hp, and now have 24/39 hp.
MP restored: 9 You start resting.
HP restored.
Health restored: 39 You climb downwards.
Level annotation: bmj180's ghost, novice HuFi
There is a stone staircase leading up here.
Things that are here:
a whip; an orc corpse
Found a stone staircase leading up.
No target in view!
Things that are here:
a whip; an orc corpse The frilled lizard hisses angrily.
There is a stone staircase leading up here.
Casting: Infusion
Confirm with . or Enter, or press ? or * to list all spells.
You begin infusing your attacks with magical energy.
The frilled lizard unfolds its giant frill.
The orc wizard mumbles some strange words.
The orc wizard seems to speed up.
You now have 8/9 mp.
You barely miss the frilled lizard. The frilled lizard closely misses you.
The frilled lizard bites you.
You take 2 damage, and have 37/39 hp.
You barely miss the frilled lizard.
The frilled lizard bites you but does no damage.
The orc wizard hits you but does no damage.
You hit the orc wizard.
The orc wizard is lightly wounded.
The orc wizard closely misses you. The frilled lizard bites you.
You take 2 damage, and have 36/39 hp.
You now have 7/9 mp.
You barely miss the orc wizard.
The orc wizard is lightly wounded.
The orc wizard closely misses you. The frilled lizard barely misses you.
The orc wizard hits you with a dagger.
You take 2 damage, and have 34/39 hp.
You barely miss the orc wizard.
The orc wizard is lightly wounded.
The orc wizard hits you but does no damage.
The frilled lizard barely misses you.
The orc wizard hits you but does no damage.
The frilled lizard closely misses you.
You hit the orc wizard.
The orc wizard is moderately wounded.
The orc wizard misses you. The orc wizard hits you with a dagger.
The frilled lizard barely misses you.
You take 6 damage, and have 28/39 hp.
You hit the orc wizard.
The orc wizard is heavily wounded.
The orc wizard points at you and mumbles some strange words.
The puff of frost hits you! You resist. The frilled lizard barely misses you.
The orc wizard hits you but does no damage.
You take 3 damage, and have 25/39 hp.
You closely miss the orc wizard.
The orc wizard is heavily wounded.
The orc wizard closely misses you. The frilled lizard closely misses you.
The orc wizard hits you but does no damage.
You barely miss the orc wizard.
The orc wizard is heavily wounded.
Your magical infusion is running out.
The frilled lizard bites you.
The orc wizard hits you but does no damage.
You take 2 damage, and have 24/39 hp.
You thump the orc wizard!
The orc wizard is almost dead.
The orc wizard gestures at you while chanting.
The puff of frost hits you! You resist. The frilled lizard closely misses you.
The orc wizard misses you. The frilled lizard bites you.
* * * LOW HITPOINT WARNING * * *
You take 5 damage, and have 19/39 hp.
You barely miss the orc wizard.
The orc wizard is almost dead.
The orc wizard closely misses you.
The orc wizard mumbles some strange words.
The orc wizard flickers and vanishes!
Deactivating autopickup; reactivate with Ctrl-A.
The frilled lizard bites you but does no damage.
You miss something. Something hits you.
* * * LOW HITPOINT WARNING * * *
The frilled lizard bites you.
* * * LOW HITPOINT WARNING * * *
You hear some strange, mumbled words.
A magic dart appears from out of thin air!
The magic dart hits you!
* * * LOW HITPOINT WARNING * * *
You take 12 damage, and have 7/39 hp.
MASSIVE DAMAGE!!
You hit something. Something hits you.
* * * LOW HITPOINT WARNING * * *
The frilled lizard closely misses you. Something hits you.
* * * LOW HITPOINT WARNING * * *
You take 6 damage, and have 1/39 hp.
You now have 6/9 mp.
You miss something.
You are no longer magically infusing your attacks.
The frilled lizard bites you but does no damage.
Something hits you.
You die...

#..# # ...# ###
.##.#.##. ### ..#
..#...... ...###.#
#....... ....##.#
###..... #%#<##.##
####.{..#
#...Wol.###....l@#
##.##o..#......### #.
##(.#..#.###
#....#o(.##)###
###.(.........######
#.##..###........#
...#.......####.#.###
#.....####..#
#.....### #.#### #.##
###.....#


You could see a frilled lizard.

Vanquished Creatures
  A howler monkey (D:2)
  4 adders
  An ooze (D:1)
  2 worms (D:2)
  4 dart slugs (D:1)
  2 leopard geckos
  An orc (D:3)
  3 bats
  2 giant cockroaches (D:1)
  6 hobgoblins
  3 jackals (D:1)
  A ball python (D:1)
  A frilled lizard (D:2)
  6 goblins
  4 kobolds
  5 rats
46 creatures vanquished.

Notes
Turn   | Place    | Note
-------+----------+-------------------------------------------
     0 | D:1      | Monsterracer the Mummy Skald began the quest for the Orb.
     0 | D:1      | Reached XP level 1. HP: 16/16 MP: 4/4
     6 | D:1      | Noticed a rime drake
     6 | D:1      | Noticed an anaconda
     6 | D:1      | Noticed a swamp worm
     7 | D:1      | Noticed a hound
     7 | D:1      | Noticed a komodo dragon
    85 | D:1      | Reached skill level 2 in Maces & Flails
   133 | D:1      | HP: 7/16 [dart slug/slug dart (2)]
   139 | D:1      | Reached XP level 2. HP: 5/22 MP: 2/5
   139 | D:1      | HP: 1/22 [hobgoblin/club (4)]
   845 | D:1      | Reached XP level 3. HP: 23/27 MP: 7/7
   849 | D:1      | Learned a level 2 spell: Song of Slaying
   915 | D:1      | Learned a level 3 spell: Spectral Weapon
  1022 | D:1      | Reached skill level 3 in Maces & Flails
  1522 | D:2      | Found a glowing silver altar of Zin.
  1549 | D:2      | HP: 7/27 [worm (11)]
  1921 | D:2      | Reached XP level 4. HP: 29/33 MP: 3/8
  1981 | D:2      | HP: 15/34 [hobgoblin/club (5)]
  2058 | D:1      | HP: 14/34 [adder (5)]
  2426 | D:2      | Found a radiant altar of Vehumet.
  2527 | D:2      | Found a stormy altar of Qazlal.
  2583 | D:2      | Reached XP level 5. HP: 33/39 MP: 9/9
  2722 | D:3      | Noticed bmj180's ghost (novice HuFi)
  2898 | D:3      | HP: 19/39 [frilled lizard (1)]
  2900 | D:3      | HP: 7/39 [something/magic dart (9)]
  2901 | D:3      | HP: 2/39 [something (5)]
  2902 | D:3      | Slain by an orc wizard

Skill      XL: |  1  2  3  4 |
---------------+-------------+-----
Maces & Flails | 2 3 |  3.6
Dodging        | 2 |  2.0
Fighting       | |  2.5
Armour         | |  0.7
Spellcasting   | |  2.6
Charms         | |  2.8

Action                   |  1- 3 |  4- 6 || total
-------------------------+-------+-------++-------
Melee: Mace              |   118 |    66 ||   184
 Cast: Infusion          |     3 |     7 ||    10
  Use: Scroll            |       |     3 ||     3
 Stab: Sleeping          |     1 |       ||     1
Armor: Leather armour    |    34 |    20 ||    54
Dodge: Dodged            |    87 |    53 ||   140

Vault maps used:
D:1:      onia_arrival_zoo_common
D:2:      vehumet_crystals, nicolae_qazlal_general_emergency, zin_treasury,
          first_ration
D:3:      dk_yredelemnul_ordeal
